 Dungeon Crawl Stone Soup version 0.30-a0-341-g682706514a (webtiles) character file.

Game seed: 13308477565327609678

1460 Kinoniko the Basher (level 8, -1/64 HPs)
             Began as a Hill Orc Berserker on Nov 3, 2022.
             Was an Elder of Trog.
             Slain by a centaur
             ... wielding a +0 sling
              (4 damage)
             ... on level 7 of the Dungeon.
             The game lasted 00:06:06 (4888 turns).

Kinoniko the Basher (Hill Orc Berserker)            Turns: 4888, Time: 00:06:06

Health: -1/64      AC: 10    Str: 22    XL:     8   Next: 76%
Magic:  8/8        EV:  7    Int:  7    God:    Trog [****..]
Gold:   305        SH:  3    Dex: 10    Spells: 7/7 levels left

rFire   . . .      SeeInvis .    n - +1 whip (elec)
rCold   . . .      Faith    +    y - +0 buckler
rNeg    . . .      Spirit   .    t - +0 chain mail
rPois   .          Reflect  .    r - +0 helmet
rElec   .          Harm     .    (no cloak)
rCorr   .          Rampage  .    (no gloves)
Will    .....                    k - +0 pair of boots
Stlth   ..........               s - amulet of faith
HPRegen 0.30/turn                (no ring)
MPRegen 0.11/turn                (no ring)

@: lethally poisoned (-1 -> -4), on berserk cooldown, slowed, very slow
A: no striking features
a: Renounce Religion, Berserk, Trog's Hand, Brothers in Arms


You were on level 7 of the Dungeon.
You worshipped Trog.
Trog was greatly pleased with you.
You visited 1 branch of the dungeon, and saw 7 of its levels.

You collected 305 gold pieces.

Inventory:

Hand Weapons
 a - a +0 hand axe
 n - a +1 whip of electrocution (weapon)
Armour
 k - a +0 pair of boots (worn)
 m - a +0 ring mail
 r - a +0 helmet (worn)
 t - a +0 chain mail (worn)
 y - a +0 buckler (worn)
Jewellery
 s - an amulet of faith (around neck)
 v - a ring of fire
Wands
 x - a wand of polymorph (9)
Scrolls
 e - 3 scrolls of immolation
 f - a scroll of brand weapon
 i - 2 scrolls of noise
 q - a scroll of torment
 u - a scroll of blinking
Potions
 b - a potion of lignification {unknown}
 c - a potion of flight {unknown}
 d - a potion of ambrosia {unknown}
 g - 4 potions of curing
 h - 3 potions of mutation
 j - 3 potions of brilliance
 l - a potion of degeneration {unknown}
 o - 2 potions of haste {unknown}
 p - 2 potions of attraction {unknown}
 w - a potion of resistance


   Skills:
 - Level 3.6 Fighting
 - Level 6.3(10.2) Axes
 * Level 10.5(11.0) Maces & Flails
 - Level 2.1 Armour
 - Level 1.5 Dodging
 * Level 1.8 Shields


You had 7 spell levels left.
You didn't know any spells.
Your spell library was empty.

Dungeon Overview and Level Annotations

Branches:
Dungeon (7/15)             Temple (0/1) D:6

Altars:
Nemelex Xobeh
Sif Muna

Shops:
D:3 !(=*[


Message History

The killer bee is moderately wounded.
You feel sick. You block the killer bee's attack.
You miss the killer bee.
The killer bee is moderately wounded.
You feel sick. The killer bee barely misses you.
A centaur comes into view. It is wielding a +0 sling.
The killer bee stings you.
The centaur shouts!
You hit the killer bee but do no damage.
The killer bee is moderately wounded.
The centaur shoots a sling bullet.
The sling bullet closely misses you. You block the killer bee's attack.
Unknown command.
A red film seems to cover your vision as you go berserk!
You feel yourself moving faster!
You feel mighty!
You feel sick. The killer bee stings you.
You are more poisoned.
The killer bee poisons you! You block the killer bee's attack.
You hit the killer bee.
The killer bee is heavily wounded.
You feel sick.
The centaur shoots a sling bullet.
The sling bullet hits you!
* * * LOW HITPOINT WARNING * * *
The killer bee stings you but does no damage.
You barely miss the killer bee.
The killer bee is heavily wounded.
You feel sick.
The centaur shoots a sling bullet.
The sling bullet barely misses you.
The sling bullet hits the killer bee!
The killer bee dies!
You feel sick.
You feel a strong urge to attack something.
You feel sick.
The centaur shoots a sling bullet.
The sling bullet hits you.
* * * LOW HITPOINT WARNING * * *
You feel sick.
The centaur shoots a sling bullet.
The sling bullet hits you.
* * * LOW HITPOINT WARNING * * *
You feel your anger nearly subside.
You are no longer berserk.
You are exhausted.
You feel yourself slow down.
* * * LOW HITPOINT WARNING * * *
You feel sick. The centaur hits you with a +0 sling.
You die...

.##)..##.# ####..###.###
#)#)##.# #.....# ...#
.....##.###.#...###.#.#
#....###.#..:...........
...#.# #.#.#.#.#........
...... ... #.......###.#
...... .# ###.#.#####.#
.#.#. #..c......#
###@####### #.# #.# #.#
#†# #†# #.# ..# ...


You could see a centaur.

Vanquished Creatures
  Duvessa (D:6)
  An ice beast (D:6)
  2 ogres
  A centaur (D:5)
  A necrophage (D:5)
  Dowan (D:6)
  3 killer bees (D:7)
  2 hounds (D:5)
  5 orc priests
  5 iguanas
  2 jellies (D:6)
  An orc wizard (D:5)
  Natasha (thrice) (D:3)
  9 gnolls
  5 adders
  A worm (D:4)
  4 dart slugs
  16 orcs
  7 bats
  7 endoplasms
  3 giant cockroaches
  19 goblins
  9 hobgoblins
  5 jackals (D:1)
  11 kobolds
  3 quokkas
  4 ball pythons
  2 frilled lizards
  2 rats
135 creatures vanquished.

Vanquished Creatures (others)
  A killer bee (D:7)
  A goblin (D:2)
2 creatures vanquished.

Grand Total: 137 creatures vanquished

Notes
Turn   | Place    | Note
-------+----------+-------------------------------------------
     0 | D:1      | Kinoniko the Hill Orc Berserker began the quest for the
                  | Orb.
     0 | D:1      | Reached XP level 1. HP: 19/19 MP: 1/1
   140 | D:1      | Reached XP level 2. HP: 24/26 MP: 2/2
   266 | D:1      | Reached skill level 5 in Axes
   470 | D:1      | Reached ** piety under Trog
   495 | D:1      | Reached XP level 3. HP: 10/31 MP: 3/3
  1215 | D:2      | Found a shimmering blue altar of Sif Muna.
  1237 | D:2      | Found a faded altar of an unknown god.
  1325 | D:2      | Reached XP level 4. HP: 39/39 MP: 4/4
  1376 | D:2      | Reached skill level 1 in Maces & Flails
  1681 | D:3      | Reached skill level 2 in Maces & Flails
  1701 | D:3      | Found a sparkling altar of Nemelex Xobeh.
  1896 | D:3      | Reached XP level 5. HP: 44/45 MP: 5/5
  1987 | D:3      | Reached skill level 3 in Maces & Flails
  1987 | D:3      | Reached *** piety under Trog
  2035 | D:3      | Found Ixtiji's Jewellery Boutique.
  2035 | D:3      | Found Tiomid's Assorted Antiques.
  2046 | D:3      | Found Loxoka's Armour Shop.
  2084 | D:3      | Noticed Natasha
  2089 | D:3      | Killed Natasha
  2230 | D:3      | Found Quikh's Antique Weapon Shoppe.
  2246 | D:3      | Found Beuxzyh's Distillery.
  2253 | D:3      | Noticed Natasha
  2268 | D:3      | Killed Natasha
  2392 | D:3      | Noticed Natasha
  2402 | D:3      | Killed Natasha
  2403 | D:3      | Reached skill level 4 in Maces & Flails
  2484 | D:4      | Reached XP level 6. HP: 51/51 MP: 6/6
  3091 | D:5      | Entered Level 5 of the Dungeon
  3104 | D:5      | Reached skill level 5 in Maces & Flails
  3121 | D:5      | Reached skill level 6 in Maces & Flails
  3289 | D:5      | Reached XP level 7. HP: 57/57 MP: 7/7
  3643 | D:5      | Reached skill level 7 in Maces & Flails
  3810 | D:5      | Reached skill level 8 in Maces & Flails
  4124 | D:6      | Noticed Dowan
  4126 | D:6      | Noticed Duvessa
  4133 | D:6      | Killed Duvessa
  4134 | D:6      | Reached XP level 8. HP: 64/64 MP: 8/8
  4139 | D:6      | Reached skill level 9 in Maces & Flails
  4201 | D:6      | Killed Dowan
  4313 | D:6      | Found a staircase to the Ecumenical Temple.
  4551 | D:6      | Reached **** piety under Trog
  4589 | D:6      | Reached skill level 10 in Maces & Flails
  4870 | D:7      | Reached skill level 1 in Shields
  4888 | D:7      | HP: 3/64 [poisoned by a killer bee]
  4888 | D:7      | Slain by a centaur

Illustrated notes

Levels and vault maps discovered:
D:1:      beargit_arrival_diablo_church, layout_basic, palyth_stone_intersect
D:2:      cheibrodos_greedy_goblins, layout_basic,
          hellmonk_ecumenical_altar_blasted, basic_altar
D:3:      layout_loops_ring, mainiacjoe_overflow_surrounded_room, serial_shops,
          shop_fountains, nicolae_shop_trees, shop, nicolae_square_shop,
          nicolae_shop_behind_doors, uniq_natasha
D:4:      layout_loops_ring, eino_tiny_chamber, dk_noncrumbling_4
D:5:      layout_loops_cross
D:6:      layout_gridville, minmay_temple_entry_grid, uniq_duvessa
D:7:      layout_loops_ring, lemuel_crystal_altar, enter_ossuary_5,
          serial_shops, nicolae_shop_statue_plus, amcnicky_mini_pool_medium,
          uniq_crazy_yiuf_cottage

Skill      XL: |  1  2  3  4  5  6  7  8 |
---------------+-------------------------+-----
Axes           | 5 6 |  6.3
Maces & Flails | 2 4 6 8 10 | 10.5
Shields        | 1 |  1.8
Fighting       | |  3.6
Armour         | |  2.1
Dodging        | |  1.5

Action                   |  1- 3 |  4- 6 |  7- 9 || total
-------------------------+-------+-------+-------++-------
Melee: Hand axe          |    90 |     1 |       ||    91
       Punch             |     1 |     1 |     1 ||     3
       Whip              |       |   166 |   177 ||   343
Invok: Berserk           |     1 |     2 |     4 ||     7
  Use: Scroll            |       |       |     7 ||     7
Armor: Animal skin       |    24 |       |       ||    24
       Ring mail         |     5 |    47 |       ||    52
       Chain mail        |       |    15 |    53 ||    68
Dodge: Dodged            |    48 |    66 |    36 ||   150
Block: Buckler           |       |       |     7 ||     7

Table legend: (Time is in decaauts)
 A = Elapsed time spent in this place.
 B = Non-inter-level travel time spent in this place.
 C = Inter-level travel time spent in this place.
 D = Time resting spent in this place.
 E = Time spent auto-exploring this place.
 F = Levels seen in this place.
 G = Mean time per level.
                   A        B        C        D        E       F      G
               +--------+--------+--------+--------+--------+-----+--------+
         Total |   4865 |   4624 |    241 |    310 |   3514 |   7 |  695.0 |
       Dungeon |   4865 |   4624 |    241 |    310 |   3514 |   7 |  695.0 |
               +--------+--------+--------+--------+--------+-----+--------+

Top non-repeatable levels by time:
     D:1: 1109 daAuts
     D:5: 1080 daAuts
     D:3: 773 daAuts
     D:4: 636 daAuts
     D:6: 606 daAuts
     D:2: 583 daAuts
     D:7: 75 daAuts
